 Dungeon Crawl Stone Soup version 0.31-a0-1405-g2bb1a01664 (webtiles) character file.

Game seed: 10836110094691379459

3088 bmb222 the Protected (level 10, 0/80 HPs)
             Began as a Formicid Monk on Dec 25, 2023.
             Was a Priest of Cheibriados.
             Slain by a black bear (1 damage)
             ... on level 8 of the Dungeon.
             The game lasted 00:08:53 (7989 turns).

bmb222 the Protected (Formicid Monk)                Turns: 7989, Time: 00:08:54

Health: 0/80       AC: 14    Str: 28    XL:     10   Next: 13%
Magic:  10/10      EV: 11    Int: 18    God:    Cheibriados [***...]
Gold:   303        SH:  0    Dex: 24    Spells: 9/9 levels left

rFire   . . .        x - +0 flail
rCold   + . .        d - orb {light}
rNeg    + . .        z - +1 chain mail
rPois   .            (helmet unavailable)
rElec   .            D - +0 cloak
rCorr   .            (no gloves)
SInv    +            (no boots)
Will    +....        (no amulet) Stlth
                     s - ring of positive energy
HPRegen 0.33/turn    u - ring of protection from cold
MPRegen 0.12/turn

%: no passive effects
@: mighty, lethally poisoned (0 -> -9), glowing, very slow
A: permanent stasis, dig shafts and tunnels, antennae 3, four strong arms
a: Dig, Shaft Self, Renounce Religion, Bend Time, Temporal Distortion


You were on level 8 of the Dungeon.
You worshipped Cheibriados.
Cheibriados was most pleased with you.
You visited 2 branches of the dungeon, and saw 9 of its levels.

You collected 303 gold pieces.

Inventory:

Hand Weapons
 a - a +0 mace
 x - a +0 flail (weapon)
Missiles
 n - 3 throwing nets
Armour
 b - a +0 robe
 d - an orb of light (worn)
 o - a +0 ring mail
 t - a +1 helmet
 z - a +1 chain mail (worn)
 D - a +0 cloak (worn)
Jewellery
 s - a ring of positive energy (left hand)
 u - a ring of protection from cold (right hand)
 B - a ring of fire
 C - a ring of protection from cold
Wands
 E - a wand of mindburst (4)
Scrolls
 e - a scroll of enchant armour
 g - 2 scrolls of teleportation {unknown}
 i - a scroll of noise {unknown}
 m - 4 scrolls of poison
 w - 3 scrolls of fog {unknown}
 y - 4 scrolls of identify
 A - a scroll of silence {unknown}
Potions
 c - 2 potions of ambrosia
 h - 2 potions of enlightenment
 j - a potion of curing {unknown}
 k - a potion of attraction {unknown}
 l - a potion of lignification {unknown}
 p - a potion of magic {unknown}
 q - a potion of haste {unknown}
 r - 2 potions of degeneration {unknown}
 v - a potion of invisibility {unknown}
 F - 2 potions of mutation {unknown}


   Skills:
 * Level 8.2 Fighting
 * Level 7.4 Maces & Flails
 - Level 9.9 Armour
 - Level 3.3 Dodging
 * Level 0.0 Invocations


You had 9 spell levels left.
You didn't know any spells.
Your spell library contained the following spells:

 Spells                   Type           Power      Damage    Failure   Level
 Magic Dart               Conj           0%         1d3       61%         1
 Shock                    Conj/Air       0%         1d3       61%         1
 Searing Ray              Conj           0%         2d4       75%         2
 Gell's Gravitas          Tloc           0%         N/A       93%         3
 Volatile Blastmotes      Fire/Tloc      0%         2d10      93%         3
 Airstrike                Air            0%         2d(0-16)  100%        4
 Dimensional Bullseye     Hex/Tloc       0%         N/A       100%        4
 Fulminant Prism          Conj/Alch      0%         3d5       100%        4
 Summon Forest            Summ/Tloc      0%         N/A       100%        5
 Swiftness                Air            Unusable   N/A       N/A         3

Dungeon Overview and Level Annotations

Branches:
Dungeon (8/15)             Temple (1/1) D:5
   Lair: D:8-11

Altars:
Ashenzari
Cheibriados
Dithmenos
Gozag
Hepliaklqana
Kikubaaqudgha
Makhleb
Nemelex Xobeh
Okawaru
Ru
Sif Muna
Trog
Uskayaw
Xom
Yredelemnul

Shops:
D:8 =

Annotations:
D:7 2 transporters


Innate Abilities, Weirdness & Mutations

You cannot be hasted, slowed, berserked, paralysed or teleported.
You can dig through walls and to a lower floor.
You have a pair of large antennae on your head. (SInv)
Your four strong arms can wield two-handed weapons with a shield.


Message History

The hornet completely misses you.
There is an entrance to Saut's Jewellery Shop here.
Unknown command.
You feel very sick. The hornet barely misses you.
There is a stone staircase leading up here.
You are too injured to fight recklessly!
Unknown command.
You feel very mighty all of a sudden.
You feel sick. The hornet barely misses you. The hornet stings you.
* * * LOW HITPOINT WARNING * * *
You are more poisoned.
Your stasis prevents you from being slowed.
The black bear misses you.
The black bear claws you but does no damage.
The black bear barely misses you.
You sock the hornet!
The hornet is severely wounded.
* * * LOW HITPOINT WARNING * * *
You feel very sick. The hornet stings you!
* * * LOW HITPOINT WARNING * * *
Your stasis prevents you from being slowed.
The black bear bites you but does no damage.
The black bear closely misses you. The black bear misses you.
You bludgeon the black bear!!
The black bear is severely wounded.
* * * LOW HITPOINT WARNING * * *
You feel very sick. The hornet barely misses you. x2
The black bear bites you but does no damage.
The black bear barely misses you. The black bear closely misses you.
You barely miss the hornet.
The hornet is severely wounded.
* * * LOW HITPOINT WARNING * * *
You feel sick. The hornet barely misses you. The black bear closely misses you.
The black bear claws you.
* * * LOW HITPOINT WARNING * * *
The black bear claws you.
You die...

. #.##. #.... #.#.#
#.#.# ##########.#.#
...........#.#######
.......@y#..(.....).
########h....#######
####..# #..# #....
#.###.. ,..# ## ....
##..


You could see a hornet and a black bear.

Vanquished Creatures
  Prince Ribbit (D:5)
  Grinder (D:4)
  2 steam dragons
  A sky beast (D:6)
  A black bear (D:5)
  2 orc warriors (D:7)
  2 ice beasts
  3 ogres
  3 centaurs
  2 phantoms (D:5)
  A bullfrog (D:7)
  A gnoll sergeant (D:6)
  3 scorpions
  2 howler monkeys
  2 jellies (D:5)
  2 gnoll boudas
  A bombardier beetle (D:5)
  3 hounds
  4 orc priests
  Jessica (D:3)
  2 iguanas
  Natasha (twice) (D:3)
  2 orc wizards
  Robin (D:2)
  14 gnolls
  7 adders
  4 white imps
  5 dart slugs
  17 orcs
  6 bats
  2 endoplasms
  9 giant cockroaches
  12 goblins
  13 hobgoblins
  2 jackals (D:1)
  5 quokkas
  5 ball pythons
  13 frilled lizards
  8 kobolds
  9 rats
176 creatures vanquished.

Notes
Turn   | Place    | Note
-------+----------+-------------------------------------------
     0 | D:1      | bmb222 the Formicid Monk began the quest for the Orb.
     0 | D:1      | Reached XP level 1. HP: 18/18 MP: 1/1
    52 | D:1      | Reached XP level 2. HP: 20/24 MP: 2/2
   313 | D:1      | Reached XP level 3. HP: 30/30 MP: 3/3
   883 | D:2      | Reached XP level 4. HP: 32/37 MP: 4/4
  1505 | D:3      | Noticed Jessica
  1510 | D:3      | Killed Jessica
  1511 | D:3      | Reached skill level 1 in Armour
  1511 | D:3      | Reached XP level 5. HP: 43/43 MP: 5/5
  1800 | D:3      | Noticed Robin
  1898 | D:2      | Killed Robin
  1901 | D:2      | Reached skill level 2 in Armour
  2073 | D:3      | Noticed Natasha
  2077 | D:3      | Killed Natasha
  2319 | D:3      | Found a sacrificial altar of Ru.
  2419 | D:3      | Noticed Natasha
  2429 | D:3      | Killed Natasha
  2430 | D:3      | Reached XP level 6. HP: 20/49 MP: 6/6
  2644 | D:4      | Found an iron altar of Okawaru.
  2746 | D:4      | Reached skill level 3 in Armour
  2831 | D:4      | Found a shimmering blue altar of Sif Muna.
  2870 | D:4      | Got the Guide on the Singularity
  3120 | D:4      | Noticed Grinder
  3154 | D:4      | Killed Grinder
  3155 | D:4      | Reached skill level 5 in Fighting
  3155 | D:4      | Reached skill level 4 in Armour
  3155 | D:4      | Reached XP level 7. HP: 9/56 MP: 7/7
  3509 | D:5      | Entered Level 5 of the Dungeon
  3989 | D:4      | Reached skill level 5 in Armour
  3991 | D:4      | Reached skill level 5 in Maces & Flails
  4169 | D:5      | Reached XP level 8. HP: 6/64 MP: 8/8
  4413 | D:5      | Noticed Prince Ribbit
  4442 | D:5      | Killed Prince Ribbit
  4443 | D:5      | Reached skill level 6 in Armour
  4767 | D:5      | Found a staircase to the Ecumenical Temple.
  4805 | Temple   | Entered the Ecumenical Temple
  4877 | D:5      | Found a broken altar of Ashenzari.
  5199 | D:5      | Reached skill level 7 in Armour
  5388 | D:5      | Reached XP level 9. HP: 64/71 MP: 9/9
  5511 | Temple   | Became a worshipper of Cheibriados the Contemplative
  5511 | Temple   | Reached * piety under Cheibriados
  5511 | Temple   | Reached ** piety under Cheibriados
  5839 | D:5      | Reached skill level 8 in Armour
  6468 | D:6      | Reached skill level 9 in Armour
  6676 | D:6      | Found a shadowy altar of Dithmenos.
  6694 | D:6      | Reached *** piety under Cheibriados
  6967 | D:7      | Found a bloodstained altar of Trog.
  7081 | D:7      | Reached XP level 10. HP: 30/80 MP: 10/10
  7255 | D:7      | Found a shimmering altar of Xom.
  7454 | D:7      | Found a transporter.
  7454 | D:7      | Found a transporter.
  7454 | D:7      | Noticed a centaur warrior
  7484 | D:7      | Noticed a boulder beetle
  7964 | D:8      | Found Saut's Jewellery Shop.
  7989 | D:8      | HP: 4/80 [poisoned by a hornet]
  7989 | D:8      | HP: 1/80 [black bear (3)]
  7989 | D:8      | Slain by a black bear

Illustrated notes

Levels and vault maps discovered:
D:1:      onia_arrival_handbag, layout_basic, chequers_serial_rivers_small_3,
          minmay_worlds_worst_comb
D:2:      layout_basic, minmay_lizard_king
D:3:      layout_basic, marbit_many_paths, uniq_natasha, uniq_jessica,
          uniq_robin
D:4:      layout_basic, mainiacjoe_overflow_small_starburst,
          nicolae_overflow_hidden_temple, uniq_grinder
D:5:      layout_basic, old_standard_altar, minmay_temple_entry_mini_moons,
          uniq_prince_ribbit1
D:6:      layout_cave_pools, nicolae_dithmenos_the_darkroom
D:7:      gammafunk_the_bubble [the_bubble_gammafunk_split], layout_cave_pods,
          trog_three_pillars_becter, mainiacjoe_overflow_catwalk
D:8:      layout_loops_ring, mainiacjoe_overflow_alcove_4, vehumet_crystals,
          nicolae_elyvilon_peaceful_grove, serial_shops, shop, shop, shop,
          nicolae_shop_waterfront, shop, roderic_lattice_a, minivault_23,
          uniq_maggie
Temple:   pf_temple_reverse_labyrinth

Skill      XL: |  1  2  3  4  5  6  7  8  9 |
---------------+----------------------------+-----
Dodging        | 3 |  3.3
Fighting       | 4 5 6 8 |  8.2
Armour         | 1 2 4 5 7 9 |  9.9
Maces & Flails | 4 5 6 7 |  7.4

Action                     |  1- 3 |  4- 6 |  7- 9 | 10-12 || total
---------------------------+-------+-------+-------+-------++-------
  Melee: Mace              |    94 |   127 |       |       ||   221
         Flail             |       |    33 |   287 |    41 ||   361
Ability: Dig               |       |       |     2 |       ||     2
    Use: Scroll            |       |       |     8 |       ||     8
         Potion            |       |       |     8 |     1 ||     9
 Armour: Robe              |    50 |    15 |       |       ||    65
         Ring mail         |       |    93 |     8 |       ||   101
         Chain mail        |       |       |   286 |    53 ||   339
  Dodge: Dodged            |    82 |   139 |   164 |    37 ||   422

Table legend: (Time is in decaauts)
 A = Elapsed time spent in this place.
 B = Non-inter-level travel time spent in this place.
 C = Inter-level travel time spent in this place.
 D = Time resting spent in this place.
 E = Time spent auto-exploring this place.
 F = Levels seen in this place.
 G = Mean time per level.
                   A        B        C        D        E       F      G
               +--------+--------+--------+--------+--------+-----+--------+
         Total |   8855 |   8187 |    668 |   1753 |   4982 |   9 |  983.9 |
       Dungeon |   8759 |   8185 |    574 |   1753 |   4982 |   8 | 1094.9 |
        Temple |     96 |      3 |     93 |      0 |      0 |   1 |   96.0 |
               +--------+--------+--------+--------+--------+-----+--------+

Top non-repeatable levels by time:
     D:4: 1743 daAuts
     D:5: 1565 daAuts
     D:6: 1445 daAuts
     D:7: 1382 daAuts
     D:3: 963 daAuts
     D:1: 841 daAuts
     D:2: 783 daAuts
  Temple: 96 daAuts
     D:8: 33 daAuts
